 Dungeon Crawl Stone Soup version 0.30-a0-808-g6e0788376e (webtiles) character file.

Game seed: 13193924319061956624

60139 dracfodder the Earth Mage (level 14, -33/72 HPs)
             Began as a Gargoyle Earth Elementalist on Feb 23, 2023.
             Was a High Priest of Vehumet.
             Killed from afar by a deep elf annihilator (50 damage)
             ... with an iron shot
             ... on level 13 of the Dungeon on Feb 26, 2023.
             The game lasted 02:32:54 (20262 turns).

dracfodder the Earth Mage (GrEE)                   Turns: 20262, Time: 02:32:55

Health: -33/72     AC: 25    Str: 13    XL:     14   Next: 98%
Magic:  23/30      EV: 11    Int: 23    God:    Vehumet [*****.]
Gold:   891        SH:  4    Dex:  9    Spells: 4/38 levels left

rFire   . . .      SeeInvis .    b - staff of conjuration
rCold   + . .      Faith    .    C - +1 buckler {rC+}
rNeg    + . .      Spirit   .    H - +1 acid dragon scales
rPois   ∞          Reflect  .    (no helmet)
rElec   +          Harm     .    (no cloak)
rCorr   +          Rampage  .    G - +2 pair of gloves {hurl}
Will    ++...                    u - +2 pair of boots {Stlth+}
Stlth   ++++                     e - amulet of magic regeneration
HPRegen 0.32/turn                A - ring of fire
MPRegen 0.62/turn                q - ring of ice

@: flying
A: sickness immunity, AC +10, big wings, negative energy resistance 1,
electricity resistance, torment resistance 1, petrification resistance,
camouflage 1, clever 1, strong-willed 1, shaggy fur 1
a: Renounce Religion


You were on level 13 of the Dungeon.
You worshipped Vehumet.
Vehumet was extremely pleased with you.
You visited 4 branches of the dungeon, and saw 18 of its levels.
You also visited: Ossuary and Ice Cave.

You collected 1485 gold pieces.
You spent 594 gold pieces at shops.

Inventory:

Hand Weapons
 a - the +5 dagger of Doom {heavy, Fly rElec rN+ SInv}
   (You found it on level 4 of the Dungeon)

   rElec:     It insulates you from electricity.
   rN:        It protects you from negative energy.
   SInv:      It lets you see invisible.
   Fly:       It grants you flight.
 j - the +10 mace "Xinomiliph" {flame, rC+ Stlth+}
   (You found it on level 13 of the Dungeon)

   rC:        It protects you from cold.
   Stlth:     It makes you more stealthy.
 s - a +4 flail of holy wrath
Missiles
 c - 7 boomerangs
Armour
 l - the +1 plate armour of the First Snow {rElec rN+++ Dex-3 Stlth-}
   (You found it on level 12 of the Dungeon)

   Dex:       It affects your dexterity (-3).
   rElec:     It insulates you from electricity.
   rN:        It renders you almost immune to negative energy.
   Stlth:     It makes you less stealthy.
 u - a +2 pair of boots of stealth (worn)
 C - a +1 buckler of cold resistance (worn)
 G - a +2 pair of gloves of hurling (worn)
 H - +1 acid dragon scales (worn)
 K - a +1 robe of resistance
Magical Staves
 b - a staff of conjuration (weapon)
Jewellery
 e - an amulet of magic regeneration (around neck)
 q - a ring of ice (right hand)
 x - an amulet of regeneration
 A - a ring of fire (left hand)
 E - an amulet of reflection
Wands
 k - a wand of paralysis (7)
 n - a wand of flame (11)
 r - a wand of roots (24)
 F - a wand of polymorph (4)
Scrolls
 g - 2 scrolls of fog
 m - a scroll of poison
 p - 8 scrolls of teleportation
 y - 3 scrolls of magic mapping
 z - 2 scrolls of identify
 B - a scroll of brand weapon {unknown}
 D - 2 scrolls of amnesia
 I - a scroll of summoning {unknown}
 J - a scroll of silence
Potions
 d - 2 potions of berserk rage
 f - 6 potions of heal wounds
 h - 7 potions of curing
 i - 5 potions of might
 o - 3 potions of invisibility
 t - 4 potions of brilliance
Miscellaneous
 w - a condenser vane


   Skills:
 + Level 2.0 Fighting
 + Level 0.9 Short Blades
 + Level 0.1 Staves
 + Level 3.3 Armour
 + Level 4.1 Dodging
 + Level 5.7 Stealth
 + Level 0.7 Shields
 + Level 12.5 Spellcasting
 * Level 14.0 Conjurations
 + Level 0.7 Transmutations
 + Level 2.4 Fire Magic
 + Level 5.2 Air Magic
 + Level 16.6 Earth Magic
 + Level 5.4 Poison Magic
 + Level 2.3 Evocations


You had 4 spell levels left.
You knew the following spells:

 Your Spells              Type           Power      Damage    Failure   Level
a - Sandblast             Erth           100%       2d20      0%          1
b - Magic Dart            Conj           100%       1d8       1%          1
c - Stone Arrow           Conj/Erth      100%       3d13      1%          3
d - Mephitic Cloud        Conj/Pois/Air  68%        N/A       1%          3
e - Passwall              Tmut/Erth      44%        N/A       1%          2
f - Poisonous Vapours     Pois/Air       76%        N/A       1%          2
g - Arcjolt               Conj/Air       36%        1d46      1%          5
h - Petrify               Tmut/Erth      53%        N/A       2%          4
i - Fireball              Conj/Fire      43%        3d17      2%          5
j - Lehudib's Crystal Sp  Conj/Erth      45%        10d11     26%         8

Your spell library contained the following spells:

 Spells                   Type           Power      Damage    Failure   Level
 Conjure Ball Lightning   Conj/Air       36%        3x3d12    7%          6
 Animate Armour           Summ/Erth      100%       N/A       2%          4
 Apportation              Tloc           28%        N/A       9%          1
 Wereblood                Tmut           17%        N/A       10%         2
 Call Imp                 Summ           14%        N/A       13%         2
 Gell's Gravitas          Tloc           14%        N/A       26%         3
 Teleport Other           Tloc           14%        N/A       26%         3
 Tukima's Dance           Hex            14%        N/A       26%         3
 Dispel Undead            Necr           14%        3d10      63%         4
 Passage of Golubria      Tloc           14%        N/A       63%         4
 Yara's Violent Unravell  Hex/Tmut       8%         3d5       45%         5
 Alistair's Intoxication  Tmut/Pois      18%        N/A       54%         5
 Death Channel            Necr           7%         N/A       100%        6
 Dispersal                Tloc           7%         N/A       100%        6
 Malign Gateway           Summ/Tloc      7%         N/A       100%        7
 Summon Hydra             Summ           7%         N/A       100%        7
 Summon Horrible Things   Summ           7%         N/A       100%        8
 Cigotuvi's Dreadful Rot  Necr/Pois/Air  Unusable   N/A       N/A         2
 Sublimation of Blood     Necr           Unusable   N/A       N/A         2

Dungeon Overview and Level Annotations

Branches:
Dungeon (13/15)            Temple (1/1) D:4            Lair (3/5) D:9
  Swamp (0/4) Lair:2        Snake (0/4) Lair:2          Orc (1/2) D:9
 Vaults (0/5) D:13        Ossuary (visited)           IceCv (visited)

Altars:
Ashenzari
Cheibriados
Dithmenos
Elyvilon
Fedhas
Gozag
Hepliaklqana
Kikubaaqudgha
Makhleb
Nemelex Xobeh
Okawaru
Qazlal
Ru
Sif Muna
Trog
Uskayaw
Vehumet
Wu Jian
Xom
Yredelemnul
Zin
The Shining One

Shops:
D:5 [*!?   D:11 :

Portals:
Trove: D:12 (give 2 scrolls of acquirement)


Innate Abilities, Weirdness & Mutations

You are immune to sickness and miasma.
Your stone body is resilient. (AC +10)
You are immune to poison.
Your large and strong wings let you fly.
You resist negative energy. (rN+)
You are resistant to electric shocks. (rElec)
You are resistant to unholy torment.
You are immune to petrification.
Your skin changes colour to match your surroundings (Stealth+).
Your mind is acute. (Int +4, Str/Dex -1)
You are strong-willed. (Will+)
You are covered in fur. (AC +1)


Message History

You feel a surge of power!
The stone arrow hits the sphinx!!
You kill the sphinx!
Vehumet accepts your kill.
Your Fighting skill increases to level 2!
You start resting.
Magic restored.
You start resting.
A deep elf annihilator is nearby!
Aiming: Stone Arrow (safe; 1% risk of failure)
Press: ? - help, Q - select action, (/) - cycle Shift-Dir - straight line, f - deep elf annihilator
Aim: a deep elf annihilator, wielding the +4 short sword "Widowmaker" {antimagic, rC- rCorr Str+2 Dex+4} and wearing a +0 scale mail (lightly wounded, wandering, hasn't noticed you, 72% to hit)
You feel a surge of power!
The stone arrow misses the deep elf annihilator.
The deep elf annihilator shouts!
The deep elf annihilator casts a spell at you.
The bolt of lightning hits you! You resist. The bolt of lightning misses you.
Aiming: Stone Arrow (safe; 1% risk of failure)
Press: ? - help, Q - select action, (/) - cycle Shift-Dir - straight line, f/p - deep elf annihilator
Aim: a deep elf annihilator, wielding the +4 short sword "Widowmaker" {antimagic, rC- rCorr Str+2 Dex+4} and wearing a +0 scale mail (lightly wounded, 72% to hit)
You feel a surge of power!
The stone arrow hits the deep elf annihilator!!
The deep elf annihilator is moderately wounded.
The deep elf annihilator gestures at you while chanting.
The crystal spear hits you!!
* * * LOW HITPOINT WARNING * * *
Casting: Stone Arrow (safe; 1% risk of failure)
Confirm with . or Enter, or press ? or * to list all spells.
Aiming: Mephitic Cloud (safe; 1% risk of failure)
Press: ? - help, Shift-Dir - straight line, f/p - deep elf annihilator
Aim: a deep elf annihilator, wielding the +4 short sword "Widowmaker" {antimagic, rC- rCorr Str+2 Dex+4} and wearing a +0 scale mail (moderately wounded, chance to affect: 29%)
You feel a surge of power!
The ball explodes into a vile cloud!
The stinking cloud engulfs the deep elf annihilator but does no damage.
The deep elf annihilator is moderately wounded.
The deep elf annihilator is engulfed in noxious fumes.
The deep elf annihilator casts a spell.
The deep elf annihilator blinks!
The deep elf annihilator gestures at you while chanting.
The iron shot hits you!!!
Ouch! That really hurt!
You die...

'......#.##.##.####.##.##)#
##.....#.#.##.##,.##.##.#.#
###..#.#.#.#.##,,).##.#.#.#
..####.#.#.#.#,,,)..#.#.#.#
..# #.#.#.#.#,,,...#.#.#.#
..# #.#.#.#.##,,.e##.#.#)#
..# #.#.#.##.##,.##.##.#.#
.## #.#.##.##.##○#.##.##.#
.# #.##.##.##.@##.#.##.##
## ##.##.##.####.##.#.## #
##.##.###....##.##.# #
##(##.#########.##.## #
#.##.##......).##.##
#.#.##)...##(###.##
#.#.#......#)#..##
#.#.#......#.#.##
#.#.##....##.#.#


You could see a deep elf annihilator.

Vanquished Creatures
  A sphinx (D:13)
  A war gargoyle (D:13)
  A reaper (IceCv)
  Fannar (Lair:2)
  4 vault guards
  A ghost crab (Lair:2)
  An ogre mage (D:13)
  2 hydras
  8 boulder beetles
  Erica (D:9)
  7 centaur warriors
  A tengu warrior (D:13)
  A two-headed ogre (D:10)
  A deep troll earth mage (D:13)
  Nergalle (D:10)
  A fire crab (shapeshifter) (D:13)
  An orb spider (shapeshifter) (D:13)
  2 deep elf pyromancers (D:13)
  3 ugly things (D:13)
  6 cyclopes
  3 manticores
  2 ice statues (IceCv)
  4 gargoyles
  4 cane toads (Lair:2)
  3 rime drakes
  An unseen horror (D:13)
  An efreet (D:13)
  3 komodo dragons
  3 kobold demonologists (D:12)
  2 ice devils (IceCv)
  2 anaconda simulacra (IceCv)
  2 freezing wraiths (IceCv)
  5 trolls
  A meliai (D:13)
  A polar bear (Lair:1)
  6 blink frogs (Lair:2)
  8 slime creatures
  6 wyverns
  3 dire elephant simulacra (IceCv)
  3 shadows
  5 wraiths
  A vampire (D:10)
  A basilisk (shapeshifter) (D:13)
  3 basilisks (D:9)
  A spectral komodo dragon (Lair:2)
  16 yaks
  Grum (D:11)
  7 vampire mosquitoes (D:13)
  4 steam dragons
  4 wargs (D:13)
  3 hydra simulacra (IceCv)
  2 harpy simulacra (IceCv)
  4 nagas (Lair:2)
  4 acid dragons
  8 water moccasins
  8 orc warriors
  A spectral yak (Lair:2)
  An ice beast (D:5)
  2 sky beasts (D:7)
  11 wolves
  2 ogres (D:9)
  A boggart (D:13)
  4 centaurs
  A spectral rime drake (Lair:2)
  2 kobold brigands (D:6)
  A gnoll sergeant (D:6)
  3 necrophages
  10 bullfrogs
  A spectral water moccasin (Lair:2)
  3 cane toad simulacra (IceCv)
  5 scorpions
  8 wights
  3 killer bees (D:9)
  An elephant simulacrum (IceCv)
  2 howler monkeys
  3 vampire bats (D:7)
  A centaur zombie (Ossuary)
  2 jellies (D:5)
  6 hounds
  10 orc priests
  2 iguanas
  10 orc wizards
  2 troll simulacra (IceCv)
  6 mummies (Ossuary)
  4 gnolls (D:6)
  8 adders
  A naga simulacrum (IceCv)
  A shadow imp (D:7)
  4 white imps
  3 worms
  2 dart slugs
  74 orcs
  5 bats
  2 bat skeletons (D:7)
  5 bat zombies (D:7)
  7 endoplasms
  4 giant cockroaches
  7 goblins
  7 hobgoblins
  4 quokkas
  3 ball pythons
  A frilled lizard (D:3)
  2 hobgoblin zombies (Ossuary)
  17 kobolds
  3 rats
448 creatures vanquished.

Vanquished Creatures (collateral kills)
  An orc (D:9)
1 creature vanquished.

Vanquished Creatures (others)
  3 fungi
  6 plants
9 creatures vanquished.

Grand Total: 458 creatures vanquished

Notes
Turn   | Place    | Note
-------+----------+-------------------------------------------
     0 | D:1      | dracfodder the Gargoyle Earth Elementalist began the quest
                  | for the Orb.
     0 | D:1      | Reached XP level 1. HP: 10/10 MP: 3/3
   108 | D:1      | Reached skill level 4 in Earth Magic
   108 | D:1      | Reached XP level 2. HP: 15/15 MP: 3/5
   172 | D:1      | Learned a level 1 spell: Magic Dart
  1192 | D:2      | Reached XP level 3. HP: 19/19 MP: 1/6
  1241 | D:2      | Learned a level 3 spell: Stone Arrow
  2040 | D:2      | Reached XP level 4. HP: 24/24 MP: 1/8
  2467 | D:3      | Found a radiant altar of Vehumet.
  2473 | D:3      | Reached skill level 5 in Earth Magic
  2484 | D:3      | Became a worshipper of Vehumet
  2770 | D:3      | Found a white marble altar of Elyvilon.
  3001 | D:3      | Found a bloodstained altar of Trog.
  3003 | D:3      | Found a shadowy altar of Dithmenos.
  3003 | D:3      | Found an opulent altar of Gozag.
  3145 | D:4      | Found a staircase to the Ecumenical Temple.
  3235 | D:4      | Reached XP level 5. HP: 22/28 MP: 2/9
  3411 | D:4      | Found a blossoming altar of Fedhas.
  3556 | D:4      | Gained mutation: Your spells are a little harder to cast,
                  | but a little more powerful. [potion of mutation]
  3556 | D:4      | Gained mutation: You are weak. (Str -2) [potion of
                  | mutation]
  3556 | D:4      | Gained mutation: You expend magic power (3 MP) to
                  | strengthen your wands. [potion of mutation]
  3557 | D:4      | Lost mutation: You expend magic power (3 MP) to strengthen
                  | your wands. [potion of mutation]
  3557 | D:4      | Lost mutation: You are weak. (Str -2) [potion of mutation]
  3557 | D:4      | Lost mutation: Your spells are a little harder to cast, but
                  | a little more powerful. [potion of mutation]
  3557 | D:4      | Gained mutation: Your mind is acute. (Int +4, Str/Dex -1)
                  | [potion of mutation]
  3557 | D:4      | Gained mutation: You are covered in fur. (AC +1) [potion of
                  | mutation]
  3557 | D:4      | Gained mutation: You are strong-willed. (Will+) [potion of
                  | mutation]
  3557 | D:4      | Gained mutation: Your skin changes colour to match your
                  | surroundings (Stealth+). [potion of mutation]
  3757 | D:4      | Identified the +5 dagger of Doom {heavy, Fly rElec rN+
                  | SInv}
  3903 | D:4      | Found a glowing silver altar of Zin.
  4165 | D:4      | Reached skill level 1 in Conjurations
  4177 | D:4      | Reached skill level 6 in Earth Magic
  4274 | D:4      | Reached XP level 6. HP: 32/32 MP: 5/11
  4457 | D:5      | Entered Level 5 of the Dungeon
  4476 | D:5      | Found a sand-covered staircase.
  4482 | Ossuary  | Entered an ossuary
  4486 | Ossuary  | Reached * piety under Vehumet
  4486 | Ossuary  | Offered knowledge of Kiss of Death by Vehumet.
  4770 | Ossuary  | Learned a level 3 spell: Mephitic Cloud
  4773 | Ossuary  | Learned a level 2 spell: Passwall
  4888 | D:5      | Reached XP level 7. HP: 36/36 MP: 6/13
  5059 | D:5      | Found a broken altar of Ashenzari.
  5073 | D:5      | Found Maoplyt's Distillery.
  5091 | D:5      | Reached skill level 7 in Earth Magic
  5167 | D:5      | Found Fosaes's Assorted Antiques.
  5491 | D:5      | Found Tonis's Antique Armour Boutique.
  5498 | D:5      | Bought a pair of runed boots for 210 gold pieces
  5566 | D:5      | Found Iwkexki's Magic Scroll Shoppe.
  5586 | D:5      | Bought a scroll of identify for 24 gold pieces
  5586 | D:5      | Bought a scroll of poison for 48 gold pieces
  5586 | D:5      | Bought a scroll of noise for 12 gold pieces
  5592 | D:5      | Bought a scroll of magic mapping for 90 gold pieces
  5692 | D:5      | Reached skill level 5 in Spellcasting
  5861 | D:6      | Reached XP level 8. HP: 34/41 MP: 15/15
  5867 | D:6      | Reached skill level 1 in Evocations
  5941 | D:6      | Reached skill level 1 in Fighting
  5954 | D:6      | Reached skill level 8 in Earth Magic
  6052 | D:6      | Offered knowledge of Poisonous Vapours by Vehumet.
  6056 | D:6      | Reached ** piety under Vehumet
  6101 | D:6      | Learned a level 2 spell: Poisonous Vapours
  6224 | D:6      | Found a snail-covered altar of Cheibriados.
  6246 | D:6      | Reached skill level 9 in Earth Magic
  6246 | D:6      | Reached XP level 9. HP: 47/47 MP: 14/18
  6502 | D:6      | Found a sparkling altar of Nemelex Xobeh.
  6904 | D:7      | Offered knowledge of Dazzling Flash by Vehumet.
  7378 | D:7      | Found an ancient bone altar of Kikubaaqudgha.
  7438 | D:7      | Reached skill level 5 in Conjurations
  7512 | D:7      | Reached skill level 1 in Poison Magic
  7566 | D:7      | Reached skill level 1 in Air Magic
  7583 | D:7      | Reached skill level 10 in Earth Magic
  7584 | D:7      | Reached *** piety under Vehumet
  7773 | D:7      | Found a stormy altar of Qazlal.
  8340 | D:8      | Reached XP level 10. HP: 52/52 MP: 2/20
  8419 | D:8      | Identified the +0 ring mail "Pioss" {Dex+4 Stlth-}
  8581 | D:8      | Offered knowledge of Hailstorm by Vehumet.
  8673 | D:8      | Reached skill level 11 in Earth Magic
  8999 | Temple   | Entered the Ecumenical Temple
  9187 | D:9      | Reached **** piety under Vehumet
  9207 | D:9      | Offered knowledge of Arcjolt by Vehumet.
  9309 | D:9      | Found a staircase to the Orcish Mines.
  9371 | Orc:1    | Entered Level 1 of the Orcish Mines
  9529 | D:9      | Found a basalt altar of Yredelemnul.
  9529 | D:9      | Found a hazy altar of Hepliaklqana.
 10140 | D:9      | Reached skill level 12 in Earth Magic
 10145 | D:9      | Noticed Erica
 10206 | D:9      | Killed Erica
 10208 | D:9      | Reached XP level 11. HP: 56/56 MP: 9/23
 10242 | D:9      | Found a staircase to the Lair.
 10646 | Lair:1   | Entered Level 1 of the Lair of Beasts
 10719 | Lair:1   | Learned a level 5 spell: Arcjolt
 11002 | Lair:1   | Reached skill level 5 in Stealth
 11002 | Lair:1   | Reached skill level 13 in Earth Magic
 11002 | Lair:1   | Reached XP level 12. HP: 61/61 MP: 23/25
 11693 | Lair:2   | Noticed Fannar
 11699 | Lair:2   | Found a shimmering altar of Xom.
 11709 | Lair:2   | Killed Fannar
 11710 | Lair:2   | Reached skill level 14 in Earth Magic
 11880 | Lair:2   | Noticed a boulder beetle
 11901 | Lair:2   | Learned a level 4 spell: Petrify
 11923 | Lair:2   | Killed a boulder beetle
 12081 | Lair:2   | Identified the +8 ring mail of Gaikush {Rampage rElec rF-}
 12209 | Lair:2   | Found a hide-covered altar of Uskayaw.
 12210 | Lair:2   | Found an ornate altar of the Wu Jian Council.
 12210 | Lair:2   | Noticed a boulder beetle
 12213 | Lair:2   | Upgraded the game from 0.30-a0-802-gb92711bcdf to
                  | 0.30-a0-808-g6e0788376e
 12523 | Lair:2   | Killed a boulder beetle
 12764 | Lair:2   | Reached ***** piety under Vehumet
 12764 | Lair:2   | Offered knowledge of Fireball by Vehumet.
 12800 | Lair:2   | Learned a level 5 spell: Fireball
 12805 | Lair:2   | Found a staircase to the Snake Pit.
 12929 | Lair:2   | Noticed a five-headed hydra
 12931 | Lair:2   | Reached skill level 15 in Earth Magic
 12937 | Lair:2   | Killed a five-headed hydra
 12939 | Lair:2   | Noticed a ghost crab
 12981 | Lair:2   | Killed a ghost crab
 13012 | Lair:2   | Found a staircase to the Swamp.
 13239 | Lair:3   | Reached XP level 13. HP: 59/65 MP: 19/26
 13246 | Lair:3   | Reached skill level 5 in Poison Magic
 13612 | D:5      | Bought a pair of runed gloves for 210 gold pieces
 13790 | D:10     | Entered Level 10 of the Dungeon
 13793 | D:10     | Reached skill level 10 in Spellcasting
 13800 | D:10     | Noticed Nergalle
 13861 | D:10     | Reached skill level 10 in Conjurations
 13863 | D:10     | Killed Nergalle
 14192 | D:10     | Found an iron altar of Okawaru.
 14931 | D:11     | Reached skill level 5 in Air Magic
 14980 | D:11     | Noticed Grum
 14984 | D:11     | Killed Grum
 15289 | D:11     | Found Ivoijeuz's Tremendous Tomes.
 15661 | D:12     | Reached skill level 1 in Fire Magic
 15717 | D:12     | Identified the +1 plate armour of the First Snow {rElec
                  | rN+++ Dex-3 Stlth-}
 15817 | D:12     | Reached skill level 1 in Armour
 16505 | D:12     | Found a portal to a secret trove of treasure.
 16551 | D:13     | Found a frozen archway.
 16845 | IceCv    | Entered an ice cave
 17157 | IceCv    | Offered knowledge of Fulminant Prism by Vehumet.
 17655 | IceCv    | Gained mutation: Your large and strong wings let you fly.
                  | [Gargoyle growth]
 17655 | IceCv    | Reached XP level 14. HP: 48/71 MP: 19/29
 17754 | IceCv    | Noticed a reaper
 17762 | IceCv    | Killed a reaper
 18111 | D:13     | Reached skill level 16 in Earth Magic
 18560 | D:13     | Found a gate to the Vaults.
 18584 | D:13     | Identified the +10 mace "Xinomiliph" {flame, rC+ Stlth+}
 19590 | D:13     | Offered knowledge of Conjure Ball Lightning by Vehumet.
 19600 | D:13     | Learned a level 8 spell: Lehudib's Crystal Spear
 19629 | D:13     | Noticed a war gargoyle
 19629 | D:13     | Noticed a deep elf annihilator
 19629 | D:13     | Noticed a sphinx
 19637 | D:13     | Killed a war gargoyle
 19646 | D:13     | Paralysed by a sphinx for 3 turns
 20182 | D:13     | Identified the +4 short sword "Widowmaker" {antimagic, rC-
                  | rCorr Str+2 Dex+4}
 20187 | D:13     | Killed a sphinx
 20262 | D:13     | Killed from afar by a deep elf annihilator

Illustrated notes

Levels and vault maps discovered:
D:1:      minmay_arrival_jagged, layout_loops_corners, due_unseen_surprise
D:2:      layout_rooms
D:3:      layout_loops_cross, vehumet_altar_wand_db, amcnicky_altar_gilded,
          nicolae_overflow_hidden_temple
D:4:      layout_rooms, mainiacjoe_overflow_brackets, general_overflow_altar,
          minmay_temple_entry_trees, corexii_shack, minmay_circle_x
D:5:      layout_basic, mainiacjoe_overflow_cross_hatched, serial_shops,
          nicolae_shop_stone, shop_coins, nicolae_diamond_shop,
          nicolae_square_shop, nicolae_ossuary_entry_plus, st_stairs_14,
          roderic_roman_lattice, kennysheep_generic_room_8
D:6:      layout_loops_corners, old_standard_altar,
          nemelex_xobeh_ov_fountains_minmay
D:7:      layout_layer_cave, kennysheep_vampire_church,
          nicolae_qazlal_eye_of_the_storm
D:8:      layout_gridville
D:9:      layout_roguey [special_room_orc], gammafunk_temple_overflow_pools,
          erik_lair_dragon, david_orc_2, uniq_erica
D:10:     layout_rooms, mainiacjoe_overflow_six_doors_small, uniq_nergalle
D:11:     layout_cave_pools, nicolae_shop_i_like_big_books, grunt_ministairs_1,
          uniq_grum
D:12:     layout_irregular_city, nicolae_trove_entry_diagonal,
          roderic_st_hans_cross
D:13:     kennysheep_snake, layout_layer_cave,
          lightli_vaults_fourway_checkpoint, portal_ice_cave_rime,
          nooodl_orcs_dogs
Temple:   nicolae_temple_little_seven
Lair:1:   layout_cave_pods
Lair:2:   layout_gridlike, nicolae_swamp_entry_spooky,
          minmay_snake_entry_guardpost_large, basic_altar,
          nzn_masters_of_martial_movement, grunt_megastairs_2, uniq_fannar
Lair:3:   layout_loops_ring, kennysheep_snail_temple, uniq_rupert
Orc:1:    layout_caves, basic_altar

Skill      XL: |  1  2  3  4  5  6  7  8  9 10 11 12 13 14 |
---------------+-------------------------------------------+-----
Earth Magic    | 4 5 6 7 9 10 12 13 15 16 | 16.6
Spellcasting   | 3 4 5 6 7 8 9 11 12 | 12.5
Conjurations   | 2 3 4 5 6 7 9 12 14 | 14.0
Stealth        | 3 5 |  5.7
Evocations     | 1 2 |  2.3
Fighting       | 1 2 |  2.0
Dodging        | 2 3 4 |  4.1
Poison Magic   | 1 2 4 5 |  5.4
Air Magic      | 1 3 4 5 |  5.2
Fire Magic     | 1 2 |  2.4
Armour         | 1 3 |  3.3
Short Blades   | |  0.9
Staves         | |  0.1
Shields        | |  0.7
Transmutations | |  0.7

Action                     |  1- 3 |  4- 6 |  7- 9 | 10-12 | 13-15 || total
---------------------------+-------+-------+-------+-------+-------++-------
  Melee: Dagger            |       |       |    13 |    38 |    19 ||    70
         Staff             |       |       |     1 |       |     4 ||     5
   Cast: Sandblast         |    36 |    49 |    14 |     7 |     2 ||   108
         Magic Dart        |    16 |    61 |    35 |    23 |    12 ||   147
         Stone Arrow       |     3 |    13 |    89 |   204 |   368 ||   677
         Mephitic Cloud    |       |       |    16 |    17 |    35 ||    68
         Poisonous Vapours |       |       |    13 |    56 |    21 ||    90
         Fireball          |       |       |       |     4 |    49 ||    53
         Petrify           |       |       |       |     1 |       ||     1
         Arcjolt           |       |       |       |     1 |       ||     1
         Lehudib's Crystal |       |       |       |       |     2 ||     2
  Evoke: Wand              |       |     9 |    15 |       |    16 ||    40
    Use: Scroll            |     2 |    13 |     4 |     7 |    11 ||    37
         Potion            |       |     2 |     1 |     4 |     3 ||    10
   Stab: Confused          |       |       |     1 |     2 |     1 ||     4
 Armour: Robe              |     1 |     6 |    10 |    31 |    18 ||    66
         Acid dragon scale |       |       |       |       |    99 ||    99
  Dodge: Dodged            |     5 |    12 |    21 |    74 |   119 ||   231
  Block: Buckler           |       |       |       |       |    21 ||    21

Table legend: (Time is in decaauts)
 A = Elapsed time spent in this place.
 B = Non-inter-level travel time spent in this place.
 C = Inter-level travel time spent in this place.
 D = Time resting spent in this place.
 E = Time spent auto-exploring this place.
 F = Levels seen in this place.
 G = Mean time per level.
                   A        B        C        D        E       F      G
               +--------+--------+--------+--------+--------+-----+--------+
         Total |  20356 |  18998 |   1358 |   5507 |   9914 |  20 | 1017.8 |
       Dungeon |  16096 |  14850 |   1246 |   3885 |   8472 |  13 | 1238.2 |
        Temple |     15 |     13 |      2 |      0 |      0 |   1 |   15.0 |
          Lair |   2792 |   2683 |    109 |    773 |   1268 |   3 |  930.7 |
  Orcish Mines |      3 |      3 |      0 |      0 |      0 |   1 |    3.0 |
       Ossuary |    328 |    328 |      0 |    214 |     32 |   1 |  328.0 |
      Ice Cave |   1119 |   1119 |      0 |    635 |    142 |   1 | 1119.0 |
               +--------+--------+--------+--------+--------+-----+--------+

Top non-repeatable levels by time:
    D:13: 2147 daAuts
     D:9: 1875 daAuts
  Lair:2: 1742 daAuts
    D:12: 1404 daAuts
     D:4: 1397 daAuts
     D:7: 1339 daAuts
     D:1: 1198 daAuts
   IceCv: 1119 daAuts
     D:6: 1115 daAuts
     D:5: 1087 daAuts
     D:2: 1056 daAuts
  Lair:1: 987 daAuts
     D:8: 921 daAuts
     D:3: 918 daAuts
    D:10: 916 daAuts
